 Dungeon Crawl Stone Soup version 0.30.1-3-gfc49f6343a (webtiles) character file.

Game seed: 18027901660668271606

73 DamienQuinn the Chopper (level 4, 0/35 HPs)
             Began as a Human Berserker on July 31, 2023.
             Was a Believer of Trog.
             Slain by a gnoll
             ... wielding a +0 club
              (2 damage)
             ... on level 2 of the Dungeon.
             The game lasted 00:06:10 (1438 turns).

DamienQuinn the Chopper (Human Berserker)           Turns: 1438, Time: 00:06:11

Health: 0/35       AC:  7    Str: 19    XL:     4   Next: 51%
Magic:  4/4        EV: 11    Int:  8    God:    Trog [**....]
Gold:   115        SH:  0    Dex: 12    Spells: 3/3 levels left

rFire   . . .        a - +0 hand axe (flame)
rCold   . . .        (no shield)
rNeg    . . .        g - +0 ring mail
rPois   .            e - +1 helmet
rElec   .            (no cloak)
rCorr   .            (no gloves)
SInv    .            (no boots)
Will    .....        (no amulet)
Stlth   +            (no ring)
HPRegen 0.25/turn    (no ring)
MPRegen 0.09/turn

%: no passive effects
@: brilliant, hasted, very quick
A: no striking features
a: Renounce Religion, Berserk, Trog's Hand


You were on level 2 of the Dungeon.
You worshipped Trog.
Trog was pleased with you.
You visited 1 branch of the dungeon, and saw 2 of its levels.

You collected 115 gold pieces.

Inventory:

Hand Weapons
 a - a +0 hand axe of flaming (weapon)
 j - a +1 dagger of freezing
Missiles
 c - 9 poisoned darts
Armour
 b - a +0 animal skin
 e - a +1 helmet (worn)
 g - a +0 ring mail (worn)
 l - a +0 leather armour
Scrolls
 m - 2 scrolls of poison
Potions
 d - a potion of ambrosia
 i - 2 potions of attraction {unknown}
 k - a potion of heal wounds {unknown}


   Skills:
 + Level 3.5 Fighting
 * Level 4.2 Axes
 * Level 2.4 Armour
 + Level 2.0 Dodging


You had 3 spell levels left.
You didn't know any spells.
Your spell library contained the following spells:

 Spells                   Type           Power      Damage    Failure   Level
 Magic Dart               Conj           0%         1d3       58%         1
 Call Imp                 Summ           0%         N/A       73%         2
 Mephitic Cloud           Conj/Pois/Air  0%         N/A       91%         3


Dungeon Overview and Level Annotations

Branches:
Dungeon (2/15)

Altars:


Message History

The gnoll is severely wounded.
You hit the gnoll. You burn the gnoll. You closely miss the gnoll.
The gnoll hits you with a +0 club.
You closely miss the gnoll. Your punch misses the gnoll.
You barely miss the gnoll. You hit the gnoll but do no damage.
The gnoll barely misses you. The gnoll hits you but does no damage.
You hit the gnoll. You burn the gnoll.
The gnoll is moderately wounded.
You hit the gnoll. You burn the gnoll.
You kill the gnoll!
Trog accepts your kill.
You barely miss the gnoll. The gnoll hits you with a +0 club. x2
The gnoll barely misses you. The gnoll hits you but does no damage.
You closely miss the gnoll.
The gnoll is moderately wounded.
You hit the gnoll. You burn the gnoll. You closely miss the gnoll.
The gnoll barely misses you. The gnoll hits you with a +0 club.
The gnoll closely misses you.
You hit the gnoll. You burn the gnoll.
The gnoll is moderately wounded.
You hit the gnoll but do no damage. You hit the gnoll. You burn the gnoll.
The gnoll hits you with a +0 club.
* * * LOW HITPOINT WARNING * * *
The gnoll barely misses you. The gnoll hits you but does no damage.
You hit the gnoll. You burn the gnoll.
The gnoll is severely wounded.
You hit the gnoll. You burn the gnoll. You hit the gnoll but do no damage.
The gnoll hits you but does no damage. The gnoll hits you with a +0 club.
* * * LOW HITPOINT WARNING * * *
The gnoll hits you with a +0 whip.
* * * LOW HITPOINT WARNING * * *
It was a potion of haste.
You feel yourself speed up. The gnoll hits you with a +0 club.
* * * LOW HITPOINT WARNING * * *
The gnoll barely misses you. The gnoll hits you with a +0 whip.
* * * LOW HITPOINT WARNING * * *
It was a potion of brilliance.
You feel clever all of a sudden. The gnoll hits you with a +0 club.
You die...

......#...#*##,,.,**#..**,**,****
......###...#*#...*.......,,,*
......# **#..,,...,.......,,,*
......# **###..##.......,,,*
......# ##.....#.......,,,**
......# #..###.........,,,,**
...(..# ##.##.......<...,,*,,**
###########..##†#g........,,**,,*
...............g@g........,,***,,
.####.......######........,,*****
## #.......# #........,,,,,,,
######### #........,,*****
#########***


You could see 3 gnolls.

Vanquished Creatures
  A gnoll (D:2)
  2 adders (D:2)
  A worm (D:2)
  A dart slug (D:2)
  5 endoplasms
  5 giant cockroaches
  4 goblins
  5 hobgoblins
  A quokka (D:2)
  6 ball pythons
  A bat (D:1)
  2 frilled lizards (D:2)
  2 kobolds
  4 rats
40 creatures vanquished.

Notes
Turn   | Place    | Note
-------+----------+-------------------------------------------
     0 | D:1      | DamienQuinn the Human Berserker began the quest for the
                  | Orb.
     0 | D:1      | Reached XP level 1. HP: 18/18 MP: 1/1
   532 | D:1      | Reached XP level 2. HP: 20/24 MP: 2/2
   875 | D:1      | Reached XP level 3. HP: 29/29 MP: 3/3
   969 | D:2      | Reached ** piety under Trog
  1087 | D:2      | Reached skill level 4 in Axes
  1087 | D:2      | Reached XP level 4. HP: 21/35 MP: 4/4
  1421 | D:2      | Identified the +1 chain mail of Ydeng {rN++ Regen+ MP+9
                  | Str-2}
  1438 | D:2      | Slain by a gnoll

Illustrated notes

Levels and vault maps discovered:
D:1:      lightli_arrival_lavapool, layout_loops_cross
D:2:      layout_rooms, basic_altar, st_stairs_5

Skill      XL: |  1  2  3 |
---------------+----------+-----
Axes           | 4 |  4.2
Fighting       | |  3.5
Armour         | |  2.4
Dodging        | |  2.0

Action                     |  1- 3 |  4- 6 || total
---------------------------+-------+-------++-------
  Melee: Hand axe          |    85 |    26 ||   111
    Use: Scroll            |     4 |     3 ||     7
         Potion            |       |     2 ||     2
 Armour: Ring mail         |    38 |    12 ||    50
         Animal skin       |     2 |       ||     2
  Dodge: Dodged            |    53 |    28 ||    81
